 Dungeon Crawl Stone Soup version 0.24.0-1-gfbc8707122 (webtiles) character file.

Game seed: 13425627934708237791, levelgen mode: deterministic

1628 Mrkan the Grappler (level 8, -5/74 HPs)
             Began as a Troll Monk on Oct 25, 2019.
             Was an Elder of Hepliaklqana.
             Slain by a hippogriff (6 damage)
             ... on level 7 of the Dungeon.
             The game lasted 00:08:01 (4001 turns).

Mrkan the Grappler (Troll Monk)                     Turns: 4001, Time: 00:08:02

Health: -5/74      AC:  8    Str: 20    XL:     8   Next: 65%
Magic:  16/16      EV: 10    Int:  8    God:    Hepliaklqana [****..]
Gold:   200        SH:  0    Dex: 12    Spells: 7/7 levels left

rFire    . . .     SeeInvis .     - Unarmed
rCold    . . .     Gourm    +   (no shield)
rNeg     . . .     Faith    .   a - +0 robe
rPois    .         Spirit   .   u - +1 hat
rElec    .         Reflect  .   p - +0 cloak
rCorr    .         Harm     .   (gloves unavailable)
MR       .....                  (boots unavailable)
Stlth    ++........             (no amulet)
HPRegen  0.62/turn              c - ring of magical power
MPRegen  0.15/turn              (no ring)

@: no status effects
A: large, unfitting armour, reduced essence, claws 3, fast metabolism 3,
gourmand, regeneration 1, shaggy fur 1, tough skin 3
a: Recall Ancestor, Ancestor Identity, Transference, Idealise, Renounce Religion


You were on level 7 of the Dungeon.
You worshipped Hepliaklqana.
Hepliaklqana was greatly pleased with you.
You were very full.

You visited 1 branch of the dungeon, and saw 7 of its levels.

You collected 200 gold pieces.

Inventory:

Missiles
 o - 11 javelins (quivered)
 y - 51 stones
Armour
 a - a +0 robe (worn)
 p - a +0 cloak (worn)
 u - a +1 hat (worn)
Jewellery
 c - a ring of magical power (left claw)
Wands
 q - a wand of flame (16)
 t - a wand of clouds (1)
Scrolls
 e - a scroll of identify
 g - 3 scrolls of enchant weapon
 h - 3 scrolls of teleportation
 j - 6 scrolls of remove curse
 m - 2 scrolls of fear
 r - a scroll of fog {unknown}
 v - a scroll of amnesia {unknown}
 w - a scroll of immolation {unknown}
Potions
 d - 6 potions of curing
 f - a potion of agility
 i - a potion of lignification {unknown}
 k - a potion of heal wounds {unknown}
 l - 2 potions of flight
 n - 2 potions of mutation
 s - a potion of haste {unknown}
 z - a potion of might {unknown}
Comestibles
 b - 13 rations


   Skills:
 + Level 5.8 Fighting
 - Level 2.4 Dodging
 - Level 1.0 Stealth
 * Level 9.5 Unarmed Combat


You had 7 spell levels left.
You didn't know any spells.
Your spell library contained the following spells:

 Spells                   Type           Power        Failure   Level  Hunger
 Magic Dart               Conj           #...         41%         1    ##.....
 Blink                    Tloc           N/A          54%         2    ###....
 Call Imp                 Summ           #.......     54%         2    ###....
 Slow                     Hex            #.......     54%         2    ###....
 Conjure Flame            Conj/Fire      #.......     78%         3    ####...
 Mephitic Cloud           Conj/Pois/Air  #.......     78%         3    ####...


Dungeon Overview and Level Annotations

Branches:
Dungeon (7/15)             Temple (0/1) D:5

Altars:
Hepliaklqana
Makhleb
Trog
Vehumet
The Shining One

Shops:
D:4 =


Innate Abilities, Weirdness & Mutations

You are too large for most types of armour.
You have claws for hands.
Your metabolism is lightning-fast.
You like to eat raw meat.
Your natural rate of healing is unusually fast.
You are covered in fur. (AC +1)
You have extremely tough skin. (AC +3)
Your life essence is reduced to manifest your ancestor. (-10% HP)


Message History

The hound skeleton bites Shedsu-nefertum but does no damage.
Shedsu-nefertum hits the hound skeleton with a +0 quarterstaff!
You barely miss the hippogriff.
The hippogriff is heavily wounded.
The hound skeleton bites Shedsu-nefertum.
The yak gores you!
* * * LOW HITPOINT WARNING * * *
The yak misses you. The hippogriff bites you.
* * * LOW HITPOINT WARNING * * *
The hippogriff pecks you but does no damage.
The hippogriff claws you but does no damage.
The yak barely misses you.
Shedsu-nefertum barely misses the hound skeleton.
The hound skeleton closely misses Shedsu-nefertum.
The yak gores you!
* * * LOW HITPOINT WARNING * * *
The yak gores you!
* * * LOW HITPOINT WARNING * * *
The hippogriff bites you.
You die...

#######
..##.....##
......YY..##
.....†Y@.[.#
.....ZRZH..#
...........#
.............
...?........)..
....../........
.<........#...(
..##.....##....


You could see the friendly Shedsu-nefertum the battlemage, a hippogriff, 3 yaks,
an adder zombie and a hound skeleton.

Vanquished Creatures
  Grinder (D:3)
  An ice beast (D:5)
  A centaur (D:5)
  A scorpion (D:4)
  A howler monkey (D:5)
  A crimson imp (D:6)
  A centaur zombie (D:6)
  3 hounds
  2 jellies (D:3)
  An orc priest (D:4)
  3 orc wizards
  Ijyb (D:4)
  An iguana (D:2)
  3 worker ants
  2 hound skeletons (D:6)
  5 gnolls
  A howler monkey skeleton (D:5)
  3 adders
  An ooze (D:4)
  A worm (D:3)
  2 dart slugs
  8 leopard geckos
  8 orcs
  4 goblins (D:1)
  5 hobgoblins (D:1)
  A quokka (D:2)
  A ball python (D:5)
  5 bats
  5 frilled lizards
  A goblin zombie (D:6)
  2 hobgoblin zombies (D:6)
  5 kobolds
  A kobold skeleton (D:6)
  A kobold zombie (D:6)
  An orc skeleton (D:6)
  5 rats
89 creatures vanquished.

Vanquished Creatures (collateral kills)
  Sigmund (D:3)
  A yak (D:7)
  An ogre (D:4)
  A crimson imp (D:6)
  An orc priest (D:6)
  2 iguanas
  2 adders
  2 gnolls (D:3)
  2 giant cockroaches
  A goblin (D:2)
  2 jackals (D:3)
  A quokka (D:2)
  5 frilled lizards
  A goblin skeleton (D:6)
  A hobgoblin zombie (D:6)
  A kobold skeleton (D:6)
  A kobold zombie (D:6)
26 creatures vanquished.

Vanquished Creatures (others)
  2 battlemagi
2 creatures vanquished.

Grand Total: 117 creatures vanquished

Notes
Turn   | Place    | Note
-------+----------+-------------------------------------------
     0 | D:1      | Mrkan the Troll Monk began the quest for the Orb.
     0 | D:1      | Reached XP level 1. HP: 22/22 MP: 0/0
   313 | D:1      | Reached XP level 2. HP: 29/29 MP: 1/1
   840 | D:2      | Reached XP level 3. HP: 36/36 MP: 2/2
   844 | D:2      | Reached skill level 4 in Unarmed Combat
   899 | D:2      | Found a hazy altar of Hepliaklqana.
   905 | D:2      | Became a worshipper of Hepliaklqana the Forgotten
   905 | D:2      | Reached * piety under Hepliaklqana
   905 | D:2      | Reached ** piety under Hepliaklqana
   906 | D:2      | Remembered your ancestor Shedsu-nefertum as a battlemage
  1033 | D:2      | Reached XP level 4. HP: 36/40 MP: 3/3
  1657 | D:3      | Reached skill level 5 in Unarmed Combat
  1657 | D:3      | Reached XP level 5. HP: 41/47 MP: 4/4
  1698 | D:3      | Found a bloodstained altar of Trog.
  1737 | D:3      | Noticed Sigmund
  1743 | D:3      | Killed Sigmund
  1743 | D:3      | Reached skill level 6 in Unarmed Combat
  1743 | D:3      | Reached XP level 6. HP: 41/55 MP: 5/5
  2047 | D:3      | Noticed Grinder
  2052 | D:3      | Killed Grinder
  2052 | D:3      | Reached skill level 7 in Unarmed Combat
  2052 | D:3      | Reached XP level 7. HP: 59/63 MP: 6/6
  2334 | D:4      | Found Xickuomath's Jewellery Shop.
  2459 | D:4      | Reached *** piety under Hepliaklqana
  2834 | D:4      | Noticed Ijyb
  2845 | D:4      | Killed Ijyb
  2845 | D:4      | Reached skill level 8 in Unarmed Combat
  2917 | D:5      | Entered Level 5 of the Dungeon
  2929 | D:5      | Reached skill level 5 in Fighting
  2929 | D:5      | Reached XP level 8. HP: 47/72 MP: 7/7
  3033 | D:5      | Found a staircase to the Ecumenical Temple.
  3289 | D:6      | Found a burning altar of Makhleb.
  3340 | D:6      | Found a glowing golden altar of the Shining One.
  3465 | D:6      | Reached skill level 9 in Unarmed Combat
  3527 | D:6      | Reached **** piety under Hepliaklqana
  3805 | D:6      | Found a radiant altar of Vehumet.
  3988 | D:7      | Noticed a hippogriff
  4001 | D:7      | HP: 1/74 [yak (7)]
  4001 | D:7      | Slain by a hippogriff

Levels and vault maps discovered:
D:1:      dpeg_arrival_long_road, layout_basic, minmay_pentomino_q2
D:2:      layout_basic, lemuel_crystal_altar, first_ration
D:3:      layout_loops_cross, marbit_many_paths, uniq_grinder, uniq_sigmund
D:4:      layout_loops_ring, serial_shops, nicolae_shop_trees,
          minmay_lizard_king, uniq_ijyb
D:5:      layout_rooms, minmay_temple_entry_grid
D:6:      layout_loops_ring, bloody_makhleb, fiery_altar_vehumet,
          nicolae_tso_besieged_by_evil
D:7:      layout_rooms, nicolae_overflow_hidden_temple, uniq_pikel

Skill      XL: |  1  2  3  4  5  6  7  8 |
---------------+-------------------------+-----
Unarmed Combat | 4 5 6 7 8 9 |  9.5
Fighting       | 3 4 5 |  5.8
Dodging        | |  2.4
Stealth        | |  1.0

Action                   |  1- 3 |  4- 6 |  7- 9 || total
-------------------------+-------+-------+-------++-------
Melee: Unarmed           |    69 |    55 |   124 ||   248
       Punch             |       |       |     4 ||     4
Invok: Ancestor Life: Ba |     1 |       |       ||     1
  Use: Scroll            |       |       |     9 ||     9
 Stab: Sleeping          |     5 |       |     2 ||     7
  Eat: Chunk             |    13 |    11 |    16 ||    40
Armor: Robe              |    16 |    27 |    36 ||    79
Dodge: Dodged            |    32 |    43 |    47 ||   122
